 Dungeon Crawl Stone Soup version 0.31-a0-692-gf03d1854d5 (webtiles) character file.

Game seed: 9457934490048604053

184 qw the Shooter (level 5, -2/32 HPs)
             Began as a Gargoyle Hunter on Sept 6, 2023.
             Killed by divine providence
             ... invoked by an orc priest
              (12 damage)
             ... on level 3 of the Dungeon.
             The game lasted 00:00:52 (2489 turns).

qw the Shooter (Gargoyle Hunter)                    Turns: 2489, Time: 00:00:52

Health: -2/32      AC:  9    Str: 15    XL:     5   Next: 64%
Magic:  5/5        EV: 11    Int:  9    God:
Gold:   197        SH:  0    Dex: 15    Spells: 4/4 levels left

rFire   . . .        Y - +1 shortbow
rCold   . . .        (shield currently unavailable)
rNeg    + + .        g - +0 ring mail
rPois   inf          (no helmet)
rElec   +            (no cloak)
rCorr   .            (no gloves)
SInv    .            (no boots)
Will    .....        (no amulet)
Stlth   +            d - ring of positive energy
HPRegen 0.25/turn    (no ring)
MPRegen 0.09/turn

%: no passive effects
@: no status effects
A: sickness immunity, AC +4, negative energy resistance 1, electricity
resistance, torment resistance 1, petrification resistance
a: no special abilities


You were on level 3 of the Dungeon.
You visited 1 branch of the dungeon, and saw 3 of its levels.

You collected 197 gold pieces.


Innate Abilities, Weirdness & Mutations

You are immune to sickness and miasma.
Your stone body is resilient. (AC +4)
You are immune to poison.
You resist negative energy. (rN+)
You are resistant to electric shocks. (rElec)
You are resistant to unholy torment.
You are immune to petrification.


   Skills:
 + Level 3.4 Fighting
 - Level 6.0 Ranged Weapons
 - Level 1.4 Armour
 - Level 1.5 Dodging
 - Level 1.1 Stealth


You had 4 spell levels left.
You didn't know any spells.
Your spell library was empty.

Inventory:

Hand Weapons
 Y - a +1 shortbow (weapon)
Armour
 g - a +0 ring mail (worn)
 h - a +0 helmet
 i - a +2 helmet
Jewellery
 d - a ring of positive energy (left hand)
Scrolls
 a - a scroll of teleportation
 b - 3 scrolls of identify
 f - a scroll of blinking {unknown}
 j - a scroll of acquirement {unknown}
 k - a scroll of torment {unknown}
 l - a scroll of noise {unknown}
Potions
 c - 2 potions of mutation {unknown}
 e - a potion of enlightenment {unknown}

Dungeon Overview and Level Annotations

Branches:
Dungeon (3/15)

Altars:

Shops:
D:3 [


Message History

You shoot an arrow. The arrow hits the orc!
You kill the orc!
You hear some strange, mumbled words.
A magic dart appears from out of thin air!
The magic dart hits you.
Your Ranged Weapons skill increases to level 6!
You shoot an arrow.
The orc priest calls down the wrath of Beogh upon you.
Beogh smites you!
Ouch! That really hurt!
Something hits you but does no damage.
You shoot an arrow. You shoot an arrow. The arrow hits the orc!
You kill the orc!
You shoot an arrow.
The arrow hits the orc priest but does no damage.
Something hits you but does no damage.
You shoot an arrow.
The arrow hits the orc priest but does no damage.
Something hits you.
You shoot an arrow.
Reactivating autopickup.
You feel a bit more experienced.
You shoot an arrow.
The arrow hits the orc priest but does no damage.
The orc priest hits you but does no damage. x2
You shoot an arrow.
The arrow hits the orc priest but does no damage.
The orc priest misses you.
You shoot an arrow. The arrow hits the orc priest.
The orc priest is moderately wounded.
The orc priest looks braver for a moment.
You shoot an arrow. The arrow barely misses the orc priest.
The orc priest hits you with a +0 club.
You shoot an arrow. The arrow barely misses the orc priest.
The orc priest hits you but does no damage.
You shoot an arrow. The arrow barely misses the orc priest.
The orc priest invokes the aid of Beogh against you.
Beogh smites you!
You die...

..###.# ........# #...
###.#.## ..
.#.#...#.#######...
###..#
...##.......##........
#....# ..
...#..............
#.##.#
.##......###.%......
##.##.# .#...##.
#####.... ......# .)..
.. #.... ##.#### #o#
### #.... #.# #@#
##.... #.# #.# #.....
#.####### #.# ###.##.#
#.......# #####.#
#......#
#....##.###.....#
#.#.####
#.##........#####
#######.#.#...
#.#####.#####
#.........<.#.
#.#####.#
#.###..###....
#.......# #.#...##
##..#


You could see an orc priest.

Vanquished Creatures
  An orc wizard (D:3)
  An iguana (D:3)
  Robin (D:3)
  5 adders
  A worm (D:2)
  6 orcs (D:3)
  An endoplasm (D:2)
  2 giant cockroaches (D:3)
  11 hobgoblins
  6 jackals (D:3)
  2 kobolds
  4 quokkas
  2 ball pythons
  4 bats
  5 frilled lizards
  11 goblins
  4 rats
67 creatures vanquished.

Notes
Turn   | Place    | Note
-------+----------+-------------------------------------------
     0 | D:1      | qw the Gargoyle Hunter began the quest for the Orb.
     0 | D:1      | Reached XP level 1. HP: 12/12 MP: 1/1
     0 | D:1      | 0 ||| qw: Version: 0.3-a-76-g4403597
     0 | D:1      | 0 ||| qw: Game counter: 134
     0 | D:1      | 0 ||| qw: Melee chars always use a shield: true
     0 | D:1      | 0 ||| qw: God list: Okawaru
     0 | D:1      | 0 ||| qw: Allow faded altars: false
     0 | D:1      | 0 ||| qw: Do Orc after clearing Dungeon:15 true
     0 | D:1      | 0 ||| qw: Do second Lair branch before Depths: true
     0 | D:1      | 0 ||| qw: Lair rune preference: random
     0 | D:1      | 0 ||| qw: Goals: Normal
     0 | D:1      | 0 ||| PLANNING D:1-11
   259 | D:1      | HP: 2/12 [quokka (3)]
   429 | D:1      | Reached XP level 2. HP: 15/17 MP: 2/2
   876 | D:1      | 876 ||| UPGRADING to +0 ring mail.
   886 | D:1      | 886 ||| DROPPING +0 leather armour.
   887 | D:1      | 887 ||| READING scroll labelled BAAGIU ROCWEI.
   888 | D:1      | 888 ||| READING scroll labelled KAPIEZXEABB.
   889 | D:1      | 889 ||| READING scroll labelled RAJAOH WILUTUS.
   892 | D:1      | 892 ||| READING scroll labelled OLAQUTRAAFF.
   893 | D:1      | 893 ||| DROPPING scroll of butterflies.
   979 | D:2      | Reached skill level 1 in Armour
  1017 | D:2      | Reached XP level 3. HP: 18/21 MP: 3/3
  1041 | D:2      | 1041 ||| STAIRDANCE
  1123 | D:2      | Reached skill level 5 in Ranged Weapons
  1245 | D:2      | 1245 ||| READING scroll labelled PEEFOMP NOLOY.
  1249 | D:2      | 1249 ||| STAIRDANCE
  1637 | D:2      | Reached XP level 4. HP: 22/27 MP: 4/4
  1738 | D:2      | 1738 ||| UPGRADING to ring of positive energy.
  1829 | D:3      | Found Noful's Armour Shoppe.
  1839 | D:3      | 1839 ||| SHOPLISTING +3 ring mail "Damnable Contraption"
                  | {Regen+ Dex+5} (401 gold, have 129).
  1868 | D:3      | Reached skill level 3 in Fighting
  1930 | D:3      | Noticed Robin
  1938 | D:3      | Killed Robin
  1984 | D:3      | 1984 ||| Stepping ~*~*~tactically~*~*~ (outnumbered).
  2247 | D:3      | Reached XP level 5. HP: 22/32 MP: 5/5
  2478 | D:3      | Reached skill level 6 in Ranged Weapons
  2489 | D:3      | Killed from afar by an orc priest

Levels and vault maps discovered:
D:1:      dpeg_arrival_connections, layout_loops_corners, minmay_small_reverse_x
D:2:      layout_loops_ring
D:3:      layout_loops_cross, serial_shops, shop, guppyfry_early_orc_mine,
          uniq_robin

Skill      XL: |  1  2  3  4  5 |
---------------+----------------+-----
Armour         | 1 |  1.4
Ranged Weapons | 5 6 |  6.0
Fighting       | 3 |  3.4
Dodging        | |  1.5
Stealth        | |  1.1

Action                     |  1- 3 |  4- 6 || total
---------------------------+-------+-------++-------
   Fire: Shortbow          |   129 |   100 ||   229
    Use: Scroll            |     5 |       ||     5
 Armour: Leather armour    |    20 |       ||    20
         Ring mail         |    29 |    43 ||    72
  Dodge: Dodged            |    47 |    25 ||    72

Table legend:
 A = Non-vault XP
 B = Vault XP
 C = Vault XP percentage of total XP
 D = Non-vault monster count
 E = Vault monster count
 F = Vault count percentage of total count
                 A         B        C        D         E       F
            +---------+---------+-------+---------+---------+-------
      Total |     206 |      58 |  22.0 |      44 |      23 |  34.3
            +---------+---------+-------+---------+---------+-------
        D:1 |      12 |       5 |  29.4 |       7 |       4 |  36.4
        D:2 |      74 |       0 |   0.0 |      15 |       0 |   0.0
        D:3 |     120 |      53 |  30.6 |      22 |      19 |  46.3
            +---------+---------+-------+---------+---------+-------
